 Dungeon Crawl Stone Soup version 0.30.1-9-gdf580d7c3d (webtiles) character file.

Game seed: 16003780405681196930

59156 pkoi the Grappler (level 14, -5/115 (118) HPs)
             Began as a Red Draconian Monk on Oct 19, 2023.
             Was the Champion of Dithmenos.
             Slain by an orc knight
             ... wielding a +0 battleaxe
              (24 damage)
             ... on level 1 of the Orcish Mines on Oct 20, 2023.
             The game lasted 00:40:41 (27322 turns).

pkoi the Grappler (Red Draconian Monk)             Turns: 27322, Time: 00:40:42

HP:   -5/115 (118)  AC: 12    Str: 14    XL:     14   Next: 52%
MP:   18/23         EV: 16    Int: 20    God:    Dithmenos [******]
Gold: 933           SH:  5    Dex: 13    Spells: 10/25 levels left

rFire   + .          .
                       - Unarmed
rCold   + . .        (no shield)
rNeg    . . .        (body armour unavailable)
rPois   +            (helmet restricted)
rElec   .            O - +0 cloak
rCorr   .            F - +1 pair of gloves of Vulic {+Blink rC+}
SInv    .            M - +0 pair of boots
Will    +....        c - amulet of reflection
Stlth   +++++++      L - +6 ring of intelligence
HPRegen 0.39/turn    G - ring of poison resistance
MPRegen 0.18/turn

%: reflection
@: very slightly contaminated, wreathed by umbra, lightly drained
A: breathe fire, AC +8, unfitting armour, fire resistance 1, cold-blooded, dopey
1, passive freeze
a: Breathe Fire, Renounce Religion, Evoke Blink, Shadow Step, Shadow Form


You were on level 1 of the Orcish Mines.
You worshipped Dithmenos.
Dithmenos was exalted by your worship.
You visited 6 branches of the dungeon, and saw 21 of its levels.
You also visited: Sewer.

You collected 1213 gold pieces.
You spent 280 gold pieces at shops.

Inventory:

Hand Weapons
 d - a +3 dagger of freezing
Missiles
 h - 22 poisoned darts (quivered)
 j - 9 curare-tipped darts
 o - 9 throwing nets
Armour
 b - an orb of light
 F - the +1 pair of gloves of Vulic (worn) {+Blink rC+}
   (You found it on level 8 of the Dungeon)

   rC:        It protects you from cold.
   +Blink:    It lets you blink.
 M - a +0 pair of boots (worn)
 O - a +0 cloak (worn)
Magical Staves
 I - the staff of earth "Ciakh" {rPois rC+}
   (You found it on level 10 of the Dungeon)

   [staff of earth]

   Base accuracy: +5 Base damage: 5 Base attack delay: 1.2 This weapon's minimum
   attack delay (0.6) is reached at skill level 12.
   rC:        It protects you from cold.
   rPois:     It protects you from poison.
   It falls into the 'Staves' category.
   It is a one-handed weapon.
Jewellery
 c - an amulet of reflection (around neck)
 g - an amulet of guardian spirit
 s - a ring of magical power
 y - an amulet of regeneration
 B - a ring of fire
 G - a ring of poison resistance (right hand)
 L - a +6 ring of intelligence (left hand)
Wands
 q - a wand of quicksilver (24)
 u - a wand of flame (18)
 x - a wand of paralysis (12)
 K - a wand of polymorph (6)
 U - a wand of digging (3)
Scrolls
 i - 5 scrolls of fear
 p - 3 scrolls of vulnerability
 r - 7 scrolls of fog
 v - a scroll of enchant armour
 z - 2 scrolls of summoning
 C - a scroll of magic mapping
 D - a scroll of amnesia
 E - 2 scrolls of silence
 N - a scroll of teleportation
 P - 3 scrolls of blinking {unknown}
 S - a scroll of identify
 T - a scroll of poison
Potions
 a - 4 potions of ambrosia
 e - 14 potions of curing
 f - 4 potions of haste
 k - 2 potions of brilliance
 l - 2 potions of lignification
 m - 4 potions of flight
 n - 5 potions of might
 t - 4 potions of attraction
 w - a potion of cancellation
 A - a potion of berserk rage
 H - 3 potions of magic
 J - 3 potions of heal wounds
 Q - a potion of invisibility
 R - 2 potions of resistance {unknown}


   Skills:
 - Level 9.0 Fighting
 - Level 9.0 Dodging
 - Level 9.0 Stealth
 + Level 13.4 Unarmed Combat
 - Level 6.0 Spellcasting
 + Level 7.4 Conjurations
 + Level 11.1 Transmutations
 + Level 2.9 Air Magic
 - Level 9.0 Invocations


You had 10 spell levels left.
You knew the following spells:

 Your Spells              Type           Power      Damage    Failure   Level
a - Beastly Appendage     Tmut           100%       N/A       1%          1
b - Blade Hands           Tmut           25%        N/A       3%          5
c - Irradiate             Conj/Tmut      21%        3d18      6%          5
d - Airstrike             Air            8%         2d(2-18)  30%         4

Your spell library contained the following spells:

 Spells                   Type           Power      Damage    Failure   Level
 Shock                    Conj/Air       100%       1d9       1%          1
 Wereblood                Tmut           50%        N/A       1%          2
 Spider Form              Tmut/Pois      28%        N/A       3%          3
 Hailstorm                Conj/Ice       20%        3d6       7%          3
 Swiftness                Air            17%        N/A       10%         3
 Freeze                   Ice            24%        1d4       11%         1
 Ice Form                 Ice/Tmut       28%        N/A       11%         4
 Petrify                  Tmut/Erth      28%        N/A       11%         4
 Sublimation of Blood     Necr           6%         N/A       16%         2
 Frozen Ramparts          Ice            12%        1d2       30%         3
 Portal Projectile        Hex/Tloc       12%        N/A       30%         3
 Tukima's Dance           Hex            6%         N/A       30%         3
 Simulacrum               Ice/Necr       3%         N/A       100%        6


Dungeon Overview and Level Annotations

Branches:
Dungeon (12/15)            Temple (1/1) D:4            Lair (5/5) D:10
 Shoals (1/4) Lair:3       Spider (1/4) Lair:3        Slime (0/5) Lair:5
    Orc (1/2) D:10          Sewer (visited)

Altars:
Ashenzari
Cheibriados
Dithmenos
Elyvilon
Fedhas
Gozag
Hepliaklqana
Kikubaaqudgha
Makhleb
Nemelex Xobeh
Okawaru
Qazlal
Ru
Sif Muna
Trog
Uskayaw
Vehumet
Wu Jian
Xom
Yredelemnul
Zin
The Shining One

Shops:
D:4 =   D:10 (

Annotations:
Lair:2 2 transporters, laqueoix's ghost, journeyman FoFi
Lair:5 1 runed translucent door


Innate Abilities, Weirdness & Mutations

You can breathe blasts of fire.
Your fiery red scales are hard. (AC +8)
You cannot fit into any form of body armour.
Your flesh is heat resistant. (rF+)
You are cold-blooded and may be slowed by cold attacks.
You are dopey. (Int -2)
A frigid envelope surrounds you and freezes all who hurt you.


Message History

The ogre twists and deforms.
The orc knight is blasted with magical radiation!
The orc knight is moderately wounded.
The orc knight twists and deforms.
The troll is blasted with magical radiation!!
The troll is heavily wounded.
The orc knight is blasted with magical radiation!!
The orc knight is heavily wounded.
The two-headed ogre is blasted with magical radiation!!
The two-headed ogre is heavily wounded.
You are very lightly contaminated with residual magic.
You hear a shout!
The orc knight hits you with a +0 vampiric battleaxe!!
You emit a cloud of dark smoke.
The orc knight draws strength from your wounds!
The orc knight is very cold.
The orc knight is moderately wounded.
The ogre closely misses you. The orc knight barely misses you.
An orc priest comes into view. It is wielding a +0 dagger.
You block the troll's attack. The troll claws you but does no damage.
The troll is very cold.
The troll is heavily wounded.
The troll claws you but does no damage.
The troll is very cold.
The troll is severely wounded.
The two-headed ogre hits you with a +0 giant club!
The two-headed ogre is very cold.
The two-headed ogre is severely wounded.
The two-headed ogre hits you but does no damage.
The two-headed ogre is very cold.
The two-headed ogre is severely wounded.
Unknown command.
Unknown command.
The orc warrior hits you with a +1 heavy mace.
* * * LOW HITPOINT WARNING * * *
The orc priest invokes the aid of Beogh against you.
Beogh smites you!
* * * LOW HITPOINT WARNING * * *
The orc knight roars a battlecry!
The orc knight hits you with a +0 battleaxe!!
You die...

###.....#
.........##
.......#.##
........##
##[)....#
#.[..).#
###)o..#
##...oOo#.##
#....o@T...#
........oOo#.##
.........o.##.#
.##...4o.### .
#.....o# .
.......o# ..
.........
...##o#


You could see 4 orc knights, a two-headed ogre, a rust devil (summoned), a
troll, an orc sorcerer (strong), 4 orc warriors, an ogre (misshapen) and 2 orc
priests.

Vanquished Creatures
  Josephine (Lair:4)
  A hydra (Lair:3)
  Erica (D:9)
  4 two-headed ogres
  2 centaur warriors (D:10)
  A merfolk avatar (Lair:5)
  3 boulder beetles
  5 death yaks (D:10)
  Sonja (Lair:3)
  Nergalle (D:12)
  A sun demon (D:12)
  2 skysharks
  Amaemon (D:11)
  A sea snake (Lair:5)
  2 slime creatures (D:12)
  A lindwurm (Lair:4)
  An orc knight (Orc:1)
  3 harpies
  3 cyclopes
  5 manticores
  4 elephants
  A demonic crawler (Spider:1)
  9 cane toads
  2 black mambas (Lair:4)
  A rust devil (D:12)
  2 smoke demons (D:12)
  3 gargoyles
  A torpor snail (Lair:3)
  2 orange demons
  5 rime drakes
  5 komodo dragons
  2 ice devils (D:12)
  A red devil (D:12)
  The ghost of foxicus the Chopper, an amateur HOFi (D:4)
  4 hornets
  2 hellwings (D:12)
  5 trolls
  2 polar bears
  5 blink frogs (Lair:2)
  A wind drake (Lair:5)
  A snapping turtle (Lair:5)
  6 dream sheep (Lair:4)
  A shadow (D:10)
  A centaur simulacrum (D:10)
  7 wraiths
  2 culicivoras
  64 yaks
  2 basilisks
  5 wyverns
  4 redbacks
  2 steam dragons
  2 vampire mosquitoes (D:12)
  A neqoxec (D:12)
  Menkaure (D:7)
  2 acid dragons
  12 water moccasins
  3 black bears
  7 orc warriors
  3 ice beasts
  2 ogres
  26 wolves
  5 centaurs
  A phantom (D:5)
  2 kobold brigands (Sewer)
  Blork the orc (D:5)
  11 bullfrogs
  7 scorpions
  4 gnoll sergeants
  14 wights
  18 killer bees
  2 electric eels
  2 howler monkeys (D:9)
  4 quasits (D:12)
  2 jellies
  5 orc priests
  8 hounds
  3 gnoll boudas
  2 iguanas
  A sleepcap (D:6)
  Natasha (thrice) (D:3)
  10 orc wizards
  9 hell rats (Lair:4)
  33 gnolls
  7 adders
  11 river rats
  2 shadow imps
  2 white imps
  A worm (D:4)
  2 dart slugs (D:4)
  36 orcs
  A bat (D:1)
  6 endoplasms
  5 giant cockroaches
  9 goblins
  7 hobgoblins
  8 jackals
  7 quokkas
  6 ball pythons
  6 kobolds
  7 rats
  A spectral hobgoblin (D:8)
523 creatures vanquished.

Notes
Turn   | Place    | Note
-------+----------+-------------------------------------------
     0 | D:1      | pkoi the Draconian Monk began the quest for the Orb.
     0 | D:1      | Reached XP level 1. HP: 19/19 MP: 1/1
   150 | D:1      | Reached XP level 2. HP: 26/26 MP: 2/2
   783 | D:2      | Reached skill level 4 in Unarmed Combat
   985 | D:2      | Reached XP level 3. HP: 31/31 MP: 3/3
  1114 | D:2      | Reached skill level 5 in Unarmed Combat
  1114 | D:2      | Reached XP level 4. HP: 18/38 MP: 4/4
  1562 | D:3      | Found a glowing drain.
  1566 | Sewer    | Entered a sewer
  1600 | Sewer    | Reached XP level 5. HP: 21/45 MP: 5/5
  1771 | Sewer    | Reached skill level 6 in Unarmed Combat
  1859 | Sewer    | Reached XP level 6. HP: 34/51 MP: 6/6
  1927 | Sewer    | Found a white marble altar of Elyvilon.
  2019 | D:3      | Found a shadowy altar of Dithmenos.
  2034 | D:3      | Became a worshipper of Dithmenos the Shadowed
  2034 | D:3      | Reached * piety under Dithmenos
  2034 | D:3      | Reached ** piety under Dithmenos
  2388 | D:3      | Noticed Natasha
  2398 | D:3      | Killed Natasha
  2480 | D:3      | Noticed Natasha
  2487 | D:3      | Killed Natasha
  2488 | D:3      | Reached skill level 1 in Invocations
  2563 | D:3      | Noticed Natasha
  2571 | D:3      | Killed Natasha
  2572 | D:3      | Reached skill level 7 in Unarmed Combat
  2778 | D:3      | Found a glowing golden altar of the Shining One.
  2916 | D:4      | Reached skill level 1 in Stealth
  3005 | D:4      | Noticed a yak
  3005 | D:4      | Noticed a yak
  3005 | D:4      | Noticed a yak
  3006 | D:4      | Noticed a yak
  3006 | D:4      | Noticed a yak
  3288 | D:3      | Gained mutation: You are dopey. (Int -2) [potion of
                  | mutation]
  3288 | D:3      | Gained mutation: A frigid envelope surrounds you and
                  | freezes all who hurt you. [potion of mutation]
  3370 | D:4      | Found Yzepoup's Jewellery Shoppe.
  3457 | D:4      | Your scales start taking on a fiery red colour.
  3457 | D:4      | Reached XP level 7. HP: 58/58 MP: 8/8
  3457 | D:4      | Gained mutation: Your flesh is heat resistant. (rF+) [Red
                  | Draconian growth]
  3745 | D:4      | Found a runed translucent door.
  3747 | D:4      | Noticed foxicus's ghost (amateur HOFi)
  3760 | D:4      | Found a staircase to the Ecumenical Temple.
  4389 | D:5      | Entered Level 5 of the Dungeon
  4389 | D:5      | Noticed Blork the orc
  4462 | Temple   | Entered the Ecumenical Temple
  4725 | D:5      | Found an iron altar of Okawaru.
  4802 | D:5      | Reached *** piety under Dithmenos
  4820 | D:5      | Reached XP level 8. HP: 61/67 MP: 9/9
  4845 | D:5      | Killed Blork the orc
  4915 | D:5      | Reached skill level 5 in Fighting
  5144 | D:5      | Found a basalt altar of Yredelemnul.
  5145 | D:5      | Found a shimmering altar of Xom.
  5204 | D:5      | Found a glowing silver altar of Zin.
  5204 | D:5      | Found an opulent altar of Gozag.
  5389 | D:5      | Reached skill level 8 in Unarmed Combat
  5981 | D:4      | Reached skill level 5 in Dodging
  6023 | D:4      | Reached XP level 9. HP: 59/75 MP: 11/11
  6040 | D:4      | Reached skill level 5 in Stealth
  6296 | D:4      | Learned a level 1 spell: Beastly Appendage
  6700 | D:6      | Reached **** piety under Dithmenos
  6701 | D:6      | Reached skill level 1 in Transmutations
  6714 | D:6      | Reached skill level 1 in Spellcasting
  7143 | D:7      | Reached skill level 9 in Unarmed Combat
  7393 | D:7      | Noticed Menkaure
  7401 | D:7      | Killed Menkaure
  7545 | D:7      | Found a hide-covered altar of Uskayaw.
  7631 | D:8      | Noticed a two-headed ogre
  7642 | D:8      | Killed a two-headed ogre
  7643 | D:8      | Reached skill level 5 in Invocations
  7643 | D:8      | Reached XP level 10. HP: 67/83 MP: 15/15
  8026 | D:8      | Reached ***** piety under Dithmenos
  8372 | D:8      | Found a sacrificial altar of Ru.
  8432 | D:8      | Identified the +1 pair of gloves of Vulic {+Blink rC+}
  8613 | D:8      | Found a hazy altar of Hepliaklqana.
  9011 | D:9      | Noticed a two-headed ogre
  9045 | D:9      | Killed a two-headed ogre
  9046 | D:9      | Reached skill level 5 in Transmutations
  9996 | D:9      | Reached skill level 10 in Unarmed Combat
 10108 | D:9      | Found a sparkling altar of Nemelex Xobeh.
 10485 | D:4      | Bought a ring of poison resistance for 280 gold pieces
 10591 | D:9      | Noticed Erica
 10598 | D:9      | Killed Erica
 10599 | D:9      | Reached XP level 11. HP: 89/89 MP: 16/16
 10970 | D:10     | Entered Level 10 of the Dungeon
 10973 | D:10     | Found a staircase to the Orcish Mines.
 10975 | D:10     | Found Lassaic's Weapon Boutique.
 11262 | D:10     | Noticed a death yak
 11263 | D:10     | Noticed a death yak
 11263 | D:10     | Noticed a death yak
 11294 | D:10     | Killed a death yak
 11329 | D:10     | Noticed a death yak
 11329 | D:10     | Noticed a death yak
 11333 | D:10     | Found a staircase to the Lair.
 11481 | D:10     | Killed a death yak
 11557 | D:10     | Killed a death yak
 11947 | D:10     | Killed a death yak
 12347 | D:10     | Identified the staff of earth "Ciakh" {rPois rC+}
 12668 | D:10     | Noticed a centaur warrior
 12674 | D:10     | Killed a centaur warrior
 12717 | D:10     | Noticed a centaur warrior
 12720 | D:10     | Killed a centaur warrior
 12721 | D:10     | Reached skill level 5 in Spellcasting
 13057 | D:11     | Reached skill level 11 in Unarmed Combat
 13346 | D:11     | Noticed a two-headed ogre
 13353 | D:11     | Killed a two-headed ogre
 13473 | D:11     | Noticed a two-headed ogre
 13479 | D:11     | Killed a two-headed ogre
 13729 | D:11     | Reached XP level 12. HP: 88/96 MP: 20/20
 13744 | D:11     | Learned a level 5 spell: Irradiate
 13759 | D:11     | Noticed Amaemon
 14202 | D:11     | Killed Amaemon
 14203 | D:11     | Reached skill level 1 in Conjurations
 14368 | D:11     | Learned a level 5 spell: Blade Hands
 14855 | D:12     | Noticed a boulder beetle
 15045 | D:12     | Killed a boulder beetle
 16743 | Lair:1   | Entered Level 1 of the Lair of Beasts
 17842 | Lair:2   | Reached ****** piety under Dithmenos
 18049 | Lair:2   | Reached XP level 13. HP: 61/103 MP: 18/22
 18056 | Lair:2   | Reached skill level 12 in Unarmed Combat
 18359 | Lair:2   | Found a transporter.
 19353 | Lair:2   | Found a transporter.
 19385 | Lair:2   | Noticed laqueoix's ghost (journeyman FoFi)
 19386 | Lair:2   | Found a bloodstained altar of Trog.
 20112 | Lair:3   | Found a hole to the Spider Nest.
 20433 | Lair:3   | Reached skill level 5 in Conjurations
 20636 | Lair:3   | Found a staircase to the Shoals.
 20637 | Lair:3   | Noticed Sonja
 20661 | Lair:3   | Killed Sonja
 21801 | Lair:4   | Reached skill level 10 in Transmutations
 22613 | Lair:4   | Noticed Josephine
 22618 | Lair:4   | Killed Josephine
 22781 | Lair:5   | Entered Level 5 of the Lair of Beasts
 23046 | Lair:5   | Reached XP level 14. HP: 107/116 MP: 19/23
 23388 | Lair:5   | Reached skill level 13 in Unarmed Combat
 23930 | Lair:5   | Identified the +2 trident of Termination {antimagic, rElec
                  | rCorr Str+6 Int-3}
 24285 | Lair:4   | Learned a level 4 spell: Airstrike
 24562 | Lair:5   | Reached skill level 1 in Air Magic
 24879 | Lair:5   | Found a runed translucent door.
 24893 | Lair:5   | Found a staircase to the Slime Pits.
 24893 | Lair:5   | Noticed an acid blob
 25606 | D:4      | Killed foxicus's ghost
 25750 | Orc:1    | Entered Level 1 of the Orcish Mines
 25941 | Spider:1 | Entered Level 1 of the Spider Nest
 26456 | Shoals:1 | Entered Level 1 of the Shoals
 26629 | D:12     | Noticed Nergalle
 27159 | D:12     | Killed Nergalle
 27322 | Orc:1    | Slain by an orc knight

Illustrated notes

Levels and vault maps discovered:
D:1:      lightli_arrival_quake, layout_loops_ring
D:2:      layout_loops_cross, minmay_misc_feat_four_crosses
D:3:      layout_basic, nicolae_dithmenos_shadow_blocks,
          nicolae_tso_swordbearing_angel, serial_curves, eino_curves_01,
          eino_curves_04, eino_curves_02, gup_sewer_entry_spiral,
          minmay_stone_trees_medium, uniq_natasha
D:4:      layout_basic, minmay_temple_entry_butterflies, serial_shops,
          nicolae_shop_gaudy_bauble, ebering_ghost_reflecting_pool,
          feat_on_display
D:5:      layout_cave_pools, grunt_temple_overflow_gold_and_silver,
          kennysheep_okawaru_gauntlet, gammafunk_temple_overflow_pools,
          nrook_uturn, lightli_minifort, uniq_blork_the_orc
D:6:      layout_cave_pools
D:7:      layout_rooms, nicolae_uskayaw_suspiria, uniq_menkaure
D:8:      minmay_general_purpose_star, layout_loops_cross,
          nicolae_hepliaklqana_monster_ancestors, lemuel_crystal_altar
D:9:      layout_basic, nemelex_diamond_rough_becter,
          minmay_misc_feat_secret_circle, uniq_erica
D:10:     minmay_wavy_crystal, layout_basic, dpeg_lair_monsters, orc_david_3,
          serial_bayou_pond_e
D:11:     layout_roguey, minmay_misc_feat_enclosed, uniq_amaemon
D:12:     layout_basic, serial_demonic, serial_demonic_a, serial_demonic_e,
          serial_demonic_d, serial_demonic_c, serial_demonic_f,
          serial_demonic_a, serial_demonic_b, serial_demonic_e,
          serial_demonic_e, serial_demonic_g, uniq_nergalle
Temple:   jpeg_temple_clearing
Lair:1:   beast_lair_carwin_large_1, layout_regular_city
Lair:2:   layout_chaotic_city, serial_forest, infiniplex_forest_clump_curved,
          infiniplex_forest_pool, infiniplex_forest_clump_diagonal,
          infiniplex_forest_side_room, infiniplex_forest_end_1,
          infiniplex_forest_zigzag_1, infiniplex_forest_clump_cross,
          infiniplex_forest_straight_4, infiniplex_forest_clump_small,
          infiniplex_forest_straight_3, gammafunk_ghost_wrathful_warriors,
          serial_bayou_lagoon_a
Lair:3:   layout_loops_ring, nicolae_shoals_entry_roost,
          spider_nest_entry_web_field, uniq_sonja
Lair:4:   layout_hall_layers, kennysheep_rathole, grunt_megastairs_5,
          serial_bayou_shore_a, uniq_josephine
Lair:5:   gammafunk_lair_ancient_temple, layout_cave_pods, slime_entry_2,
          lookout_lair_type, minmay_stone_trees_large, lemuel_fruit_tree
Shoals:1: layout_shoals, gammafunk_ghost_grave, nicolae_shoals_aquamancer_cove
Spider:1: layout_spider_delve, portal_ice_cave_entry_ugly_swarm, uniq_donald
Orc:1:    layout_diamond_mine, special_room [special_room_orc], basic_altar

Skill      XL: |  1  2  3  4  5  6  7  8  9 10 11 12 13 14 |
---------------+-------------------------------------------+-----
Unarmed Combat | 4 5 6 7 8 9 10 11 12 13 | 13.4
Invocations    | 1 2 5 7 9 |  9.0
Dodging        | 3 4 5 6 7 8 9 |  9.0
Stealth        | 1 2 4 6 7 9 |  9.0
Fighting       | 4 6 8 9 |  9.0
Transmutations | 3 5 7 9 10 11 | 11.1
Spellcasting   | 3 5 6 |  6.0
Conjurations   | 4 6 7 |  7.4
Air Magic      | 2 |  2.9

Action                     |  1- 3 |  4- 6 |  7- 9 | 10-12 | 13-15 || total
---------------------------+-------+-------+-------+-------+-------++-------
  Melee: Unarmed           |    79 |   246 |   247 |   620 |   466 ||  1658
         Tailslap          |     9 |    34 |    36 |    91 |    91 ||   261
         Punch             |     4 |     7 |    16 |    39 |    44 ||   110
         Kick              |       |       |     7 |     4 |       ||    11
         Headbutt          |       |       |     3 |     1 |       ||     4
  Throw: Dart              |       |       |       |    30 |    15 ||    45
   Cast: Beastly Appendage |       |       |     2 |     1 |       ||     3
         Blade Hands       |       |       |       |     7 |    46 ||    53
         Irradiate         |       |       |       |       |     2 ||     2
 Invoke: Shadow Form       |       |       |       |       |     1 ||     1
Ability: Breathe Fire      |       |       |    11 |    28 |     6 ||    45
         Evoke Blink       |       |       |       |     1 |       ||     1
    Use: Scroll            |     1 |     6 |     4 |     6 |     3 ||    20
         Potion            |       |     5 |       |       |       ||     5
   Stab: Sleeping          |       |     2 |     6 |    23 |     6 ||    37
         Distracted        |       |       |     2 |     1 |     1 ||     4
 Armour: Skin              |    15 |    49 |    40 |   125 |    87 ||   316
  Dodge: Dodged            |    42 |   140 |   141 |   412 |   302 ||  1037
  Block: Other             |       |       |    48 |   139 |    92 ||   279
         Reflection        |       |       |     3 |     1 |     5 ||     9
